 Dungeon Crawl Stone Soup version 0.23.2-40-g277498a001 (webtiles) character file.

Game seed: 15349112395662718373

2277 Descartes the Grappler (level 9, -2/44 HPs)
             Began as a Vine Stalker Transmuter on Oct 13, 2019.
             Was a Believer of Wu Jian.
             Slain by a hornet (4 damage)
             ... on level 7 of the Dungeon.
             The game lasted 00:18:35 (5203 turns).

Descartes the Grappler (Vine Stalker Transmuter)    Turns: 5203, Time: 00:18:36

Health: -2/44      AC:  8    Str: 19    XL:     9   Next: 39%
Magic:  0/15       EV: 13    Int: 13    God:    Wu Jian [**....]
Gold:   167        SH:  0    Dex: 15    Spells: 7/15 levels left

rFire    + . .     SeeInvis .     - Unarmed
rCold    + . .     Gourm    .   (no shield)
rNeg     . . .     Faith    .   F - +0 leather armour
rPois    +         Spirit   +   (helmet restricted)
rElec    .         Reflect  .   c - scarf {rC+ rF+}
rCorr    .         Harm     .   I - +2 pair of gloves
MR       +....                  G - +0 pair of boots
Stlth    ++........             B - amulet of the acrobat
HPRegen  0.54/turn              D - +3 ring of strength
MPRegen  0.14/turn              l - ring of poison resistance (curse)

@: lethally poisoned (-2 -> -3), very slightly contaminated
A: antennae 1, fangs 3, talons 1, regeneration 1, magic shield, antimagic bite,
no potion heal 3, rot immunity
a: Wall Jump, Renounce Religion


You were on level 7 of the Dungeon.
You worshipped Wu Jian.
Wu Jian was pleased with you.
You were not hungry.

You visited 1 branch of the dungeon, and saw 7 of its levels.

You collected 167 gold pieces.

Inventory:

Hand Weapons
 E - a +4 rapier
Missiles
 a - 115 arrows
 h - 2 javelins (quivered)
 i - 86 sling bullets
 k - 171 stones
 s - 26 poisoned needles
 A - 7 tomahawks
Armour
 c - a scarf of resistance (worn)
 q - a +0 ring mail of poison resistance
 u - a +0 large shield
 F - a +0 leather armour (worn)
 G - a +0 pair of boots (worn)
 I - a +2 pair of gloves (worn)
Jewellery
 l - a cursed ring of poison resistance (right hand)
 B - an amulet of the acrobat (around neck)
 D - a +3 ring of strength (left hand)
Wands
 K - a wand of paralysis (5)
Scrolls
 e - 3 scrolls of fear
 f - a scroll of teleportation {unknown}
 g - 3 scrolls of remove curse
 j - a scroll of immolation {unknown}
 r - a scroll of amnesia {unknown}
 y - 4 scrolls of magic mapping {unknown}
 J - 4 scrolls of identify
Potions
 b - a potion of invisibility {unknown}
 m - 2 potions of brilliance {unknown}
 n - 2 potions of lignification {unknown}
 o - a potion of degeneration {unknown}
 p - 4 potions of ambrosia
 t - 2 potions of flight {unknown}
 v - 2 potions of agility
 w - a potion of berserk rage
 x - 2 potions of haste
 z - 2 potions of cancellation {unknown}
 C - 2 potions of heal wounds {unknown}
 H - 2 potions of curing {unknown}
Comestibles
 d - 9 rations


   Skills:
 + Level 3.1 Fighting
 + Level 5.5 Armour
 + Level 3.1 Dodging
 + Level 4.2 Stealth
 + Level 1.8 Shields
 * Level 8.3 Unarmed Combat
 + Level 3.9 Spellcasting
 + Level 7.1 Transmutations


You had 7 spell levels left.
You knew the following spells:

 Your Spells              Type           Power        Failure   Level  Hunger
a - Blade Hands           Tmut           ###.......   34%         5    ######.
b - Sticks to Snakes      Tmut           ###.....     1%          2    ##.....
c - Beastly Appendage     Tmut           ###...       1%          1    None

Your spell library contained the following spells:

 Spells                   Type           Power        Failure   Level  Hunger
 Spider Form              Tmut/Pois      ##........   17%         3    ###....
 Ice Form                 Ice/Tmut       ##......     50%         4    ####...


Dungeon Overview and Level Annotations

Branches:
Dungeon (7/15)
 Temple: D:4-7

Altars:
Ashenzari
Cheibriados
Dithmenos
Nemelex Xobeh
Qazlal
Trog
Uskayaw
Vehumet
Wu Jian
Yredelemnul
The Shining One


Innate Abilities, Weirdness & Mutations

You have razor-sharp teeth.
Your natural rate of healing is unusually fast.
When hurt, damage is shared between your health and your magic reserves.
Your bite disrupts and absorbs the magic of your enemies.
Potions cannot restore your health.
You are immune to rotting.
You have a pair of small antennae on your head.
You have sharp toenails.


Message History

The hornet stings you but does no damage.
The hornet closely misses you.
You hit the hornet but do no damage.
The hornet is heavily wounded.
The hornet stings you.
You are poisoned.
You miss the hornet. Your bite misses the hornet.
The hornet is heavily wounded.
You feel sick. The hornet stings you.
* * * LOW HITPOINT WARNING * * *
The hornet misses you.
You hit the hornet but do no damage. You bite the hornet. You drain its power.
You feel invigorated.
The hornet is heavily wounded.
You feel sick. The hornet stings you!
* * * LOW HITPOINT WARNING * * *
You miss the hornet.
The hornet is heavily wounded.
The hornet stings you.
You die...

#.# ####### #.#
#.....### #.#
#.....?..
#.#####......
#.#.........
#...#.#.......#
#...#.#.......#
#...#.#.......#
#.$.#@#.......#
#...#y#.......#
...#g#.....<.#
#.#.##...####
#..†##...####.###
#..)......=......
#.).#########.###
#...# #.....


You could see a hornet and a gnoll.

Vanquished Creatures
  Prince Ribbit (D:5)
  A necrophage (D:7)
  An ice beast (D:7)
  A sky beast (D:5)
  2 ogres
  A phantom (D:7)
  2 centaurs (D:6)
  A big kobold (D:7)
  2 bullfrogs
  2 scorpions
  A howler monkey (D:4)
  A bullfrog zombie (D:5)
  A centaur zombie (D:6)
  2 crimson imps
  4 hounds
  7 orc wizards
  2 orc priests
  A gnoll shaman (D:5)
  Natasha (twice) (D:3)
  An iguana (D:6)
  3 worker ants (D:5)
  Robin (D:3)
  7 gnolls
  8 adders
  3 shadow imps
  2 oozes
  2 worms
  2 dart slugs
  6 leopard geckos
  32 orcs
  2 ball pythons
  4 giant cockroaches
  2 gnoll zombies (D:6)
  17 goblins
  7 hobgoblins
  5 jackals
  6 kobolds
  5 quokkas
  7 bats
  4 frilled lizards
  A quokka skeleton (D:7)
  8 rats
170 creatures vanquished.

Notes
Turn   | Place    | Note
-------+----------+-------------------------------------------
     0 | D:1      | Descartes the Vine Stalker Transmuter began the quest for
                  | the Orb.
     0 | D:1      | Reached XP level 1. HP: 9/9 MP: 4/4
   110 | D:1      | Reached skill level 1 in Fighting
   225 | D:1      | Reached XP level 2. HP: 11/14 MP: 6/6
   494 | D:1      | Reached skill level 1 in Stealth
   960 | D:2      | Reached XP level 3. HP: 18/18 MP: 7/7
  1519 | D:2      | Gained mutation: You have sharp toenails. [potion of
                  | mutation]
  1519 | D:2      | Gained mutation: You have a pair of small antennae on your
                  | head. [potion of mutation]
  1520 | D:2      | Reached skill level 7 in Unarmed Combat
  1520 | D:2      | Gained mutation: Your natural rate of healing is unusually
                  | fast. [Vine Stalker growth]
  1520 | D:2      | Reached XP level 4. HP: 22/22 MP: 8/8
  1728 | D:3      | Reached XP level 5. HP: 13/25 MP: 3/9
  1808 | D:3      | Found a shadowy altar of Dithmenos.
  1852 | D:3      | Identified the +1 helmet "Nupeuzy" {rPois Regen+ Str+3}
  1852 | D:3      | Noticed Robin
  1925 | D:3      | Killed Robin
  2136 | D:3      | Reached skill level 5 in Armour
  2293 | D:3      | Reached XP level 6. HP: 28/30 MP: 10/10
  2342 | D:3      | Learned a level 5 spell: Blade Hands
  2345 | D:3      | Learned a level 2 spell: Sticks to Snakes
  2437 | D:3      | Found an ornate altar of the Wu Jian Council.
  2441 | D:3      | Became a worshipper of the Wu Jian Council
  2539 | D:3      | Noticed Natasha
  2549 | D:3      | Killed Natasha
  2615 | D:3      | Found a glowing golden altar of the Shining One.
  2631 | D:3      | Noticed Natasha
  2639 | D:3      | Killed Natasha
  2711 | D:4      | Found a snail-covered altar of Cheibriados.
  2713 | D:4      | Found a radiant altar of Vehumet.
  2729 | D:4      | Found a stormy altar of Qazlal.
  2733 | D:4      | Found a shattered altar of Ashenzari.
  2789 | D:4      | Found a hide-covered altar of Uskayaw.
  2789 | D:4      | Found a bloodstained altar of Trog.
  2900 | D:4      | Reached XP level 7. HP: 32/34 MP: 10/12
  3122 | D:4      | Reached * piety under Wu Jian
  3266 | D:4      | Found a sparkling altar of Nemelex Xobeh.
  3327 | D:5      | Entered Level 5 of the Dungeon
  3472 | D:5      | Noticed Prince Ribbit
  3575 | D:5      | Killed Prince Ribbit
  3575 | D:5      | Gained mutation: You have razor-sharp teeth. [Vine Stalker
                  | growth]
  3575 | D:5      | Reached XP level 8. HP: 30/39 MP: 10/13
  4179 | D:6      | Found a basalt altar of Yredelemnul.
  4344 | D:6      | Reached skill level 1 in Shields
  4408 | D:6      | Reached ** piety under Wu Jian
  4445 | D:6      | Reached skill level 8 in Unarmed Combat
  4717 | D:6      | Reached XP level 9. HP: 32/43 MP: 11/15
  5179 | D:7      | Noticed a hornet
  5195 | D:7      | Paralysed by a hornet for 2 turns
  5202 | D:7      | HP: 2/44 [hornet (10)]
  5203 | D:7      | Slain by a hornet

Skill      XL: |  1  2  3  4  5  6  7  8  9 |
---------------+----------------------------+-----
Fighting       | 1 2 3 |  3.1
Stealth        | 1 2 3 4 |  4.2
Armour         | 4 5 |  5.5
Unarmed Combat | 7 8 |  8.3
Transmutations | 6 7 |  7.1
Dodging        | 2 3 |  3.1
Spellcasting   | 3 |  3.9
Shields        | 1 |  1.8

Action                   |  1- 3 |  4- 6 |  7- 9 || total
-------------------------+-------+-------+-------++-------
Melee: Unarmed           |    79 |   182 |   269 ||   530
       Bite              |    20 |    29 |    68 ||   117
       Punch             |     4 |     3 |     8 ||    15
       Kick              |       |    49 |    34 ||    83
 Cast: Blade Hands       |       |       |     2 ||     2
Invok: Lunge             |       |     9 |    36 ||    45
       Whirlwind         |       |       |    29 ||    29
  Use: Scroll            |     4 |       |     3 ||     7
       Potion            |     2 |       |       ||     2
 Stab: Sleeping          |     6 |       |     1 ||     7
       Distracted        |       |       |     1 ||     1
  Eat: Chunk             |     2 |     4 |     8 ||    14
       Ration            |       |       |     1 ||     1
Armor: Robe              |     8 |       |       ||     8
       Leather armour    |    13 |       |    15 ||    28
       Scale mail        |       |    31 |       ||    31
       Ring mail         |       |    19 |    34 ||    53
Dodge: Dodged            |    47 |    70 |   115 ||   232
Block: Large shield      |       |       |    16 ||    16
